AoeStats
← harooooo

Four Lakes

507952404Analyzed
1v1 RM · 13d ago on Sep 20, 2026· 41m 34s· 2 players
Game mode
Random Map
Map size
Tiny (2 player)
Population
200
Speed
Normal
Resources
Standard
Victory
Conquest
Starting age
Dark Age
Ending age
Imperial Age
RankedLock teamsTeams togetherTeam positionsShared explorationLock speedFull tech treeHidden civsTurbo modeCheats
Victory
Defeat
🇩🇪 Huns · Germany
1979
+12
🇧🇦 Maya · Bosnia & Herzegovina
1884
-12
harooooo
0:27 Loom
9:59 Feudal Age
10:43 Double-Bit Axe
12:02 Fishing Lines
17:48 Castle Age
15:50 Scale Mail Armor
16:01 Forging
17:33 Fletching
19:00 Bow Saw
19:31 Fishing Lines
19:52 Squires
20:44 Eagle Warrior
23:49 Wheelbarrow
25:04 Chain Mail Armor
24:58 Town Watch
26:12 Gillnets
32:41 Iron Casting
37:54 Imperial Age
35:41 Bodkin Arrow
37:52 Murder Holes
38:39 Bracer
39:01 Ballistics
39:20 Plate Mail Armor
42:24 Hoardings
unfold
6:45 Loom
9:23 Feudal Age
9:51 Double-Bit Axe
14:45 Fletching
18:21 Castle Age
17:08 Bloodlines
17:58 Scale Barding Armor
17:41 Horse Collar
18:33 Forging
19:33 Husbandry
21:55 Wheelbarrow
21:56 Gold Mining
22:54 Light Cavalry
25:09 Bow Saw
26:31 Bodkin Arrow
30:10 Chain Barding Armor
38:58 Imperial Age
39:58 Imperial Age
37:44 Hand Cart
38:21 Ballistics
38:26 Town Watch
38:51 Padded Archer Armor
38:57 Thumb Ring
40:20 Leather Archer Armor
40:40 Iron Casting
40:07 Capped Ram
41:05 Bracer
Connection lost

Rejoining the realm…

Still unreachable

The connection could not be restored.

Session expired

The server has moved on; the page needs a fresh start.